Flyers vs Canadiens

Created - 17 mars 2016 at 19:58

Goals
1 2 3 T
Flyers 1 1 1 3
Canadiens 3 2 1 6
Shots
1 2 3 T
Flyers 8 7 3 18
Canadiens 17 12 13 42

1st period

1. Flyers , Loui Eriksson 22 (Kyle Wellwood, Patrick Marleau) at 0:08
2. Canadiens , Brooks Laich 14 (Dan Boyle) at 3:59
3. Canadiens , Marek Svatos 30 (Patrick Sharp, Marc Savard) at 9:28 (PP)
4. Canadiens , Marek Svatos 31 (Dan Boyle, Marc Savard) at 9:38 (PP)

Penalties :
Jonathan Ericsson (Phi) for Roughing (Minor) at 1:27, Jonathan Ericsson (Phi) for High sticking (Double Minor) at 9:17, Devin Setoguchi (Mon) for Hooking (Minor) at 11:15

2nd period

5. Canadiens , Marek Svatos 32 (Marc Savard, Patrick Sharp) at 5:45
6. Flyers , Shane Doan 15 (Matthew Lombardi, Jonathan Ericsson) at 6:28
7. Canadiens , Devin Setoguchi 18 (Drew Miller, Denis Grebeshkov) at 19:04 (PP)

Penalties :
Dan Boyle (Mon) for Tripping (Minor) at 0:51, Jeff Carter (Phi) for Tripping (Minor) at 18:08

3rd period

8. Flyers , Shane Doan 16 (Rostislav Olesz, Jeff Woywitka) at 3:59
9. Canadiens , Marc Savard 35 (Marek Svatos, Patrick Sharp) at 8:42

Penalties :
No Penalty

Goalie Stats

Robin Lehner (Phi), 36 saves from 42 shots - (0,857), L, 16-12-4, 60:00 minutes
Miika Kiprusoff (Mon), 15 saves from 18 shots - (0,833), W, 17-5-2, 60:00 minutes

Players Stats for Flyers

Player Name              G  A  P  +/- PIM S  H  SB GA TA FO     MP     PP MP  PK MP  
------------------------------------------------------------------------------------
Alexei Morozov           0  0  0  -1  0   2  1  0  2  0  0/1    19:55   1:57   0:00 
Dany Heatley             0  0  0  -1  0   3  2  0  1  0  0/3    21:21   1:57   1:41 
James Wisniewski         0  0  0  -2  0   1  0  0  0  0  0/0    22:42   1:04   1:32 
Jeff Carter              0  0  0  -1  2   1  5  0  1  0  9/18   22:14   1:57   0:13 
Jeff O'Neill             0  0  0   0  0   0  2  0  0  1  0/2    10:45   0:00   0:07 
Jeff Woywitka            0  1  1   2  0   2  1  3  0  1  0/0    29:46   1:31   2:01 
Jonathan Ericsson        0  1  1   2  6   1  4  3  0  0  0/0    29:39   2:54   0:28 
Kyle McLaren             0  0  0  -1  0   0  0  2  0  0  0/0    12:39   0:00   1:42 
Kyle Wellwood            0  1  1   0  0   1  2  0  0  0  8/23   20:13   2:01   0:47 
Loui Eriksson            1  0  1   0  0   1  0  1  1  0  0/1    18:20   2:01   0:00 
Matt Smaby               0  0  0   0  0   0  0  0  0  0  0/0     0:28   0:00   0:00 
Matthew Lombardi         0  1  1   1  0   1  2  0  0  2  1/8    12:46   0:00   2:09 
Michel Ouellet           0  0  0   0  0   0  0  0  0  0  1/1     3:59   0:00   1:20 
Mike York                0  0  0   0  0   0  1  0  0  1  0/0    10:18   0:00   0:15 
Patrick Marleau          0  1  1   0  0   1  2  0  0  0  2/2    18:31   2:01   0:00 
Pavel Kubina             0  0  0  -1  0   2  1  1  0  3  0/0    21:44   2:27   0:49 
Rostislav Olesz          0  1  1   1  0   0  3  1  0  0  0/0    10:39   0:00   0:00 
Shane Doan               2  0  2   1  0   2  0  0  1  0  0/1    10:42   0:00   0:00 

Players Stats for Canadiens

Player Name              G  A  P  +/- PIM S  H  SB GA TA FO     MP     PP MP  PK MP  
------------------------------------------------------------------------------------
Brooks Laich             1  0  1   0  0   2  0  1  0  0  4/4    13:41   0:00   1:05 
Cam Janssen              0  0  0   0  0   1  1  0  0  0  0/0     7:31   0:00   0:00 
Dan Boyle                0  2  2   1  2   3  1  0  1  0  0/0    21:40   2:16   0:00 
Denis Grebeshkov         0  1  1   0  0   1  2  0  0  0  0/0    24:56   2:16   1:28 
Dennis Wideman           0  0  0  -1  0   3  2  2  0  0  0/0    26:26   1:00   2:30 
Devin Setoguchi          1  0  1  -1  2   1  2  0  1  0  0/0    15:16   1:12   0:00 
Drew Miller              0  1  1  -1  0   7  1  1  0  0  0/1    16:55   1:12   1:29 
Dustin Boyd              0  0  0   0  0   1  0  0  3  0  0/0     8:37   1:12   0:00 
Greg Stewart             0  0  0   0  0   3  0  0  0  0  0/0    14:46   0:00   2:19 
Jiri Fischer             0  0  0   0  0   3  2  0  0  2  0/0    19:05   0:00   2:30 
Ladislav Smid            0  0  0   0  0   2  0  1  0  0  0/0    13:47   0:00   1:28 
Marc Savard              1  3  4   1  0   6  4  1  0  1  22/34  21:47   2:04   0:40 
Marek Svatos             3  1  4   1  0   6  1  0  0  0  1/2    21:07   2:04   0:00 
Matt Carle               0  0  0   0  0   0  0  0  0  1  0/0    13:03   1:00   0:00 
Maxim Talbot             0  0  0  -1  0   1  0  0  0  1  10/17  16:17   0:00   2:19 
Patrick Sharp            0  3  3   1  0   1  2  0  3  1  2/2    21:13   2:04   0:04 
Rene Bourque             0  0  0   0  0   0  3  0  0  0  0/0    12:27   0:00   0:00 
Riley Cote               0  0  0   0  0   1  0  0  0  0  0/0     7:26   0:00   0:00 

3 Stars

1 - Marek Svatos (Mon)
2 - Marc Savard (Mon)
3 - Shane Doan (Phi)

Power Play

Flyers - 0 on 2 Attempt(s) - 0,00%
Canadiens - 3 on 4 Attempt(s) - 75,00%

Penalty Kill

Flyers - 1 on 4 Attempt(s) - 25,00% - Score 0 goal in Penalty Kill
Canadiens - 2 on 2 Attempt(s) - 100,00% - Score 0 goal in Penalty Kill

Team Stat

Flyers - Hits : 26 - Faceoff Wins : 21 - Blocked Shots : 11 - Penalty Minutes : 8
Canadiens - Hits : 21 - Faceoff Wins : 39 - Blocked Shots : 6 - Penalty Minutes : 4

Official

Referees : Ciamaga Chris and Auger Stephane
Linesman : Mark Pare and Lonnie Cameron

Game Notes

Matt Smaby is injured at 0:36 of 1st period (Abdominal Strain)
Michel Ouellet is injured at 19:23 of 1st period (Abdomen/Ribs)
Marek Svatos has scored a Hat Trick!

Finance

Level 1 -- Attendance: 5653 (94,22%) -- Ticket Income 486 158 $
Level 2 -- Attendance: 5000 (100,00%) -- Ticket Income 250 000 $
Level 3 -- Attendance: 1922 (96,10%) -- Ticket Income 59 582 $
Level 4 -- Attendance: 4000 (100,00%) -- Ticket Income 88 000 $
Luxury Box -- Attendance: 986 (98,60%) -- Ticket Income 162 690 $
Game was played at the Centre Bell.
Total Attendance: 17561 (97,56%)
Total Ticket Income: 1 046 430 $
Other Income: 156 964 $
Total Income: 1 203 394 $

Flyers

5 vs 5 Forward 
   Center                   Left Wing                Right Wing               Time % Phy DF OF 
 1 Kyle Wellwood            Patrick Marleau          Loui Eriksson            35     1   0  4  
 2 Jeff Carter              Dany Heatley             Alexei Morozov           35     0   0  5  
 3 Matthew Lombardi         Rostislav Olesz          Shane Doan               15     0   3  2  
 4 Jeff O'Neill             Mike York                Michel Ouellet           15     0   3  2  

5 vs 5 Defense 
   Defense                  Defense                                           Time % Phy DF OF 
 1 Jeff Woywitka            Jonathan Ericsson                                 40     1   2  2  
 2 Pavel Kubina             Matt Smaby                                        40     1   2  2  
 3 James Wisniewski         Kyle McLaren                                      15     1   4  0  
 4 Jonathan Ericsson        Jeff Woywitka                                     5      1   2  2  

PowerPlay Forward 
   Center                   Left Wing                Right Wing               Time % Phy DF OF 
 1 Jeff Carter              Dany Heatley             Alexei Morozov           50     1   2  2  
 2 Kyle Wellwood            Patrick Marleau          Loui Eriksson            50     1   2  2  

PowerPlay Defense
   Defense                  Defense                                           Time % Phy DF OF 
 1 Jonathan Ericsson        Jeff Woywitka                                     50     1   2  2  
 2 Pavel Kubina             Matt Smaby                                        50     1   2  2  

Penalty Kill 4 Players Forward 
   Center                   Wing                     Time % Phy DF OF 
 1 Matthew Lombardi         Michel Ouellet           60     0   5  0  
 2 Kyle Wellwood            Dany Heatley             40     0   5  0  

Penalty Kill 4 Players Defense
   Defense                  Defense                  Time % Phy DF OF 
 1 Jeff Woywitka            Jonathan Ericsson        60     0   5  0  
 2 Kyle McLaren             Matt Smaby               40     0   5  0  

Penalty Kill - 3 Players Forward 
   Forward                                           Time % Phy DF OF 
 1 Matthew Lombardi                                  60     0   5  0  
 2 Kyle Wellwood                                     40     0   5  0  

Penalty Kill - 3 Players Defense
   Defense                  Defense                  Time % Phy DF OF 
 1 Alexei Morozov           Jeff Woywitka            60     0   5  0  
 2 Matt Smaby               Kyle McLaren             40     0   5  0  

4 vs 4 Forward 
   Center                   Wing                     Time % Phy DF OF 
 1 Jeff Carter              Dany Heatley             50     1   2  2  
 2 Kyle Wellwood            Patrick Marleau          50     1   2  2  

4 vs 4 Defense
   Defense                  Defense                  Time % Phy DF OF 
 1 Jonathan Ericsson        Jeff Woywitka            50     1   2  2  
 2 Matt Smaby               Pavel Kubina             50     1   2  2  

Last Minutes Offensive
   Center                   Left Wing                Right Wing               Defense                  Defense                  
   Jeff Carter              Dany Heatley             Alexei Morozov           Pavel Kubina             Jeff Woywitka            

Last Minutes Defensive
   Center                   Left Wing                Right Wing               Defense                  Defense                  
   Matthew Lombardi         Dany Heatley             Loui Eriksson            Jeff Woywitka            Jonathan Ericsson        

Goaltenders
Starting : Robin Lehner             
Backup : Cory Schneider           

Extra Forwards
Normal : Jeff Carter, Kyle Wellwood, Patrick Marleau - PP : Jeff Carter, Kyle Wellwood - PK : Matthew Lombardi
Extra Defensemen
Normal : Jonathan Ericsson, Jeff Woywitka, Pavel Kubina - PP : Jonathan Ericsson - PK : Jeff Woywitka, Jonathan Ericsson
Penalty Shots
Patrick Marleau, Dany Heatley, Alexei Morozov, Jeff Carter, Loui Eriksson

Canadiens

5 vs 5 Forward 
   Center                   Left Wing                Right Wing               Time % Phy DF OF 
 1 Marc Savard              Patrick Sharp            Marek Svatos             40     1   2  2  
 2 Maxim Talbot             Drew Miller              Devin Setoguchi          30     1   2  2  
 3 Brooks Laich             Greg Stewart             Rene Bourque             20     1   2  2  
 4 Dustin Boyd              Riley Cote               Cam Janssen              10     1   2  2  

5 vs 5 Defense 
   Defense                  Defense                                           Time % Phy DF OF 
 1 Denis Grebeshkov         Dennis Wideman                                    40     1   2  2  
 2 Jiri Fischer             Dan Boyle                                         30     1   2  2  
 3 Ladislav Smid            Matt Carle                                        20     1   2  2  
 4 Dan Boyle                Dennis Wideman                                    10     1   2  2  

PowerPlay Forward 
   Center                   Left Wing                Right Wing               Time % Phy DF OF 
 1 Marc Savard              Patrick Sharp            Marek Svatos             60     1   2  2  
 2 Dustin Boyd              Drew Miller              Devin Setoguchi          40     1   2  2  

PowerPlay Defense
   Defense                  Defense                                           Time % Phy DF OF 
 1 Dan Boyle                Denis Grebeshkov                                  60     1   2  2  
 2 Matt Carle               Dennis Wideman                                    40     1   2  2  

Penalty Kill 4 Players Forward 
   Center                   Wing                     Time % Phy DF OF 
 1 Maxim Talbot             Greg Stewart             60     1   2  2  
 2 Brooks Laich             Drew Miller              40     1   2  2  

Penalty Kill 4 Players Defense
   Defense                  Defense                  Time % Phy DF OF 
 1 Jiri Fischer             Dennis Wideman           60     1   2  2  
 2 Ladislav Smid            Denis Grebeshkov         40     1   2  2  

Penalty Kill - 3 Players Forward 
   Forward                                           Time % Phy DF OF 
 1 Maxim Talbot                                      60     1   2  2  
 2 Brooks Laich                                      40     1   2  2  

Penalty Kill - 3 Players Defense
   Defense                  Defense                  Time % Phy DF OF 
 1 Jiri Fischer             Dennis Wideman           60     1   2  2  
 2 Ladislav Smid            Denis Grebeshkov         40     1   2  2  

4 vs 4 Forward 
   Center                   Wing                     Time % Phy DF OF 
 1 Marc Savard              Patrick Sharp            60     1   2  2  
 2 Brooks Laich             Marek Svatos             40     1   2  2  

4 vs 4 Defense
   Defense                  Defense                  Time % Phy DF OF 
 1 Jiri Fischer             Dennis Wideman           60     1   2  2  
 2 Dan Boyle                Denis Grebeshkov         40     1   2  2  

Last Minutes Offensive
   Center                   Left Wing                Right Wing               Defense                  Defense                  
   Marc Savard              Patrick Sharp            Marek Svatos             Dan Boyle                Denis Grebeshkov         

Last Minutes Defensive
   Center                   Left Wing                Right Wing               Defense                  Defense                  
   Maxim Talbot             Drew Miller              Marek Svatos             Jiri Fischer             Dennis Wideman           

Goaltenders
Starting : Miika Kiprusoff          
Backup : Jonathan Bernier         

Extra Forwards
Normal : Greg Stewart, Rene Bourque, Dustin Boyd - PP : Maxim Talbot, Greg Stewart - PK : Marc Savard
Extra Defensemen
Normal : Ladislav Smid, Matt Carle, Denis Grebeshkov - PP : Jiri Fischer - PK : Matt Carle, Dan Boyle
Penalty Shots
Rene Bourque, Patrick Sharp, Marek Svatos, Dustin Boyd, Brooks Laich

% Time on Ice - Flyers

Lines # - Real PCT - Wanted PCT - Time Play
Normal Forward
1 - 28% - 35% - 14:33
2 - 32% - 35% - 16:42
3 - 17% - 15% - 9:10
4 - 23% - 15% - 12:21
Normal Defense
1 - 37% - 40% - 19:40
2 - 50% - 40% - 26:10
3 - 12% - 15% - 6:31
4 - 1% - 5% - 0:25
PP Forward
1 - 49% - 50% - 1:57
2 - 51% - 50% - 2:01
PP Defense
1 - 38% - 50% - 1:31
2 - 62% - 50% - 2:27
PK Forward
1 - 76% - 60% - 2:29
2 - 24% - 40% - 0:47
PK Defense
1 - 60% - 60% - 1:57
2 - 40% - 40% - 1:19
PK3 Forward
1 - 0% - 60%
2 - 0% - 40%
PK3 Defense
1 - 0% - 60%
2 - 0% - 40%
44 Forward
1 - 0% - 50%
2 - 0% - 50%
44 Defense
1 - 0% - 50%
2 - 0% - 50%
Last Minute Offensive  - 0:00
Last Minute Defensive  - 0:00
Total
Forward - 60:00
Defense - 60:00

% Time on Ice - Canadiens

Lines # - Real PCT - Wanted PCT - Time Play
Normal Forward
1 - 36% - 40% - 19:05
2 - 26% - 30% - 13:51
3 - 23% - 20% - 12:24
4 - 14% - 10% - 7:26
Normal Defense
1 - 40% - 40% - 20:59
2 - 31% - 30% - 16:27
3 - 24% - 20% - 12:42
4 - 5% - 10% - 2:38
PP Forward
1 - 63% - 60% - 2:04
2 - 37% - 40% - 1:12
PP Defense
1 - 69% - 60% - 2:16
2 - 31% - 40% - 1:00
PK Forward
1 - 80% - 60% - 3:11
2 - 20% - 40% - 0:47
PK Defense
1 - 63% - 60% - 2:30
2 - 37% - 40% - 1:28
PK3 Forward
1 - 0% - 60%
2 - 0% - 40%
PK3 Defense
1 - 0% - 60%
2 - 0% - 40%
44 Forward
1 - 0% - 60%
2 - 0% - 40%
44 Defense
1 - 0% - 60%
2 - 0% - 40%
Last Minute Offensive  - 0:00
Last Minute Defensive  - 0:00
Total
Forward - 60:00
Defense - 60:00

Play by Play

1st period


0:01 of 1st period - Kyle Wellwood wins face-off versus Marc Savard in neutral zone.
0:08 of 1st period - Wrist shot by Loui Eriksson.
0:08 of 1st period - Goal by Loui Eriksson - Flyers : 1 - Canadiens : 0.
0:09 of 1st period - Jeff Carter wins face-off versus Maxim Talbot in neutral zone.
0:12 of 1st period - Jiri Fischer is hit by Jeff Carter and loses puck.
0:23 of 1st period - Snap shot by Jeff Carter.
0:23 of 1st period - Shot Misses the Net.
0:35 of 1st period - Matt Smaby is hit by Rene Bourque and loses puck.
0:36 of 1st period - Matt Smaby from Flyers is injured at 0:36 of 1st period (Abdominal Strain).
0:37 of 1st period - Marc Savard wins face-off versus Jeff O'Neill in Flyers zone.
0:42 of 1st period - Slapshot by Marc Savard.
0:42 of 1st period - Stopped by Robin Lehner without a rebound.
0:43 of 1st period - Michel Ouellet wins face-off versus Marc Savard in Flyers zone.
0:58 of 1st period - Snap shot by Mike York.
0:58 of 1st period - Shot Misses the Net.
1:11 of 1st period - Slapshot by Ladislav Smid.
1:11 of 1st period - Stopped by Robin Lehner with a rebound.
1:17 of 1st period - Snap shot by Dustin Boyd.
1:17 of 1st period - Stopped by Robin Lehner with a rebound.
1:19 of 1st period - Slapshot by Matt Carle.
1:19 of 1st period - Shot Misses the Net.
1:21 of 1st period - Slapshot by Ladislav Smid.
1:21 of 1st period - Shot Blocked by Jonathan Ericsson.
1:27 of 1st period - Minor Penalty to Jonathan Ericsson for Roughing.
1:28 of 1st period - Marc Savard wins face-off versus Matthew Lombardi in Flyers zone.
3:27 of 1st period - Penalty to Jonathan Ericsson is over, Jonathan Ericsson is back on ice.
3:33 of 1st period - Greg Stewart is hit by Jeff Carter and loses puck.
3:46 of 1st period - Dustin Boyd is hit by Kyle Wellwood and loses puck.
3:59 of 1st period - Wrist shot by Brooks Laich.
3:59 of 1st period - Deflect By Matthew Lombardi.
3:59 of 1st period - Goal by Brooks Laich - Flyers : 1 - Canadiens : 1.
4:00 of 1st period - Jeff Carter wins face-off versus Marc Savard in neutral zone.
4:05 of 1st period - Snap shot by Jeff Carter.
4:05 of 1st period - Deflect By Dany Heatley.
4:05 of 1st period - Stopped by Miika Kiprusoff without a rebound.
4:06 of 1st period - Marc Savard wins face-off versus Jeff Carter in Canadiens zone.
4:29 of 1st period - Snap shot by Jeff Carter.
4:29 of 1st period - Shot Blocked by Ladislav Smid.
4:31 of 1st period - Slapshot by Jeff Woywitka.
4:31 of 1st period - Shot Blocked by Marc Savard.
4:55 of 1st period - Wrist shot by Alexei Morozov.
4:55 of 1st period - Deflect By Dany Heatley.
4:55 of 1st period - Stopped by Miika Kiprusoff without a rebound.
4:56 of 1st period - Maxim Talbot wins face-off versus Kyle Wellwood in Canadiens zone.
5:28 of 1st period - Slapshot by Matthew Lombardi.
5:28 of 1st period - Shot Blocked by Brooks Laich.
6:02 of 1st period - Snap shot by Greg Stewart.
6:02 of 1st period - Stopped by Robin Lehner without a rebound.
6:03 of 1st period - Kyle Wellwood wins face-off versus Maxim Talbot in Flyers zone.
7:12 of 1st period - Wrist shot by Drew Miller.
7:12 of 1st period - Shot Misses the Net.
7:14 of 1st period - Slapshot by Dan Boyle.
7:14 of 1st period - Shot Blocked by Loui Eriksson.
8:09 of 1st period - Slapshot by Dennis Wideman.
8:09 of 1st period - Shot Misses the Net.
8:34 of 1st period - Wrist shot by Marc Savard.
8:34 of 1st period - Stopped by Robin Lehner without a rebound.
8:35 of 1st period - Maxim Talbot wins face-off versus Kyle Wellwood in Flyers zone.
9:04 of 1st period - Wrist shot by Alexei Morozov.
9:04 of 1st period - Stopped by Miika Kiprusoff without a rebound.
9:05 of 1st period - Marc Savard wins face-off versus Jeff Carter in Canadiens zone.
9:17 of 1st period - Double Minor Penalty to Jonathan Ericsson for High sticking.
9:18 of 1st period - Patrick Sharp wins face-off versus Matthew Lombardi in Flyers zone.
9:28 of 1st period - Snap shot by Marek Svatos.
9:28 of 1st period - Goal by Marek Svatos - Flyers : 1 - Canadiens : 2.
9:29 of 1st period - Marc Savard wins face-off versus Matthew Lombardi in neutral zone.
9:32 of 1st period - Snap shot by Marek Svatos.
9:32 of 1st period - Stopped by Robin Lehner with a rebound.
9:34 of 1st period - Backhand shot by Marc Savard.
9:34 of 1st period - Shot Blocked by Jeff Woywitka.
9:36 of 1st period - Slapshot by Dan Boyle.
9:36 of 1st period - Shot Misses the Net.
9:38 of 1st period - Wrist shot by Marek Svatos.
9:38 of 1st period - Goal by Marek Svatos - Flyers : 1 - Canadiens : 3.
9:39 of 1st period - Maxim Talbot wins face-off versus Kyle Wellwood in neutral zone.
9:54 of 1st period - Dennis Wideman is hit by Jonathan Ericsson and loses puck.
10:12 of 1st period - Wrist shot by Drew Miller.
10:12 of 1st period - Stopped by Robin Lehner with a rebound.
10:14 of 1st period - Snap shot by Dan Boyle.
10:14 of 1st period - Deflect By Drew Miller.
10:14 of 1st period - Shot Misses the Net.
10:14 of 1st period - Puck is out of play.
10:15 of 1st period - Marc Savard wins face-off versus Kyle Wellwood in Flyers zone.
10:22 of 1st period - Wrist shot by Marek Svatos.
10:22 of 1st period - Shot Misses the Net.
10:43 of 1st period - Slapshot by Jonathan Ericsson.
10:43 of 1st period - Shot Misses the Net.
10:45 of 1st period - Wrist shot by Alexei Morozov.
10:45 of 1st period - Shot Misses the Net.
10:47 of 1st period - Wrist shot by Dany Heatley.
10:47 of 1st period - Stopped by Miika Kiprusoff with a rebound.
10:49 of 1st period - Snap shot by Alexei Morozov.
10:49 of 1st period - Shot Misses the Net.
10:51 of 1st period - Slapshot by Pavel Kubina.
10:51 of 1st period - Stopped by Miika Kiprusoff without a rebound.
10:52 of 1st period - Maxim Talbot wins face-off versus Jeff Carter in Canadiens zone.
11:15 of 1st period - Minor Penalty to Devin Setoguchi for Hooking.
11:16 of 1st period - Maxim Talbot wins face-off versus Jeff Carter in Canadiens zone.
11:27 of 1st period - Wrist shot by Maxim Talbot.
11:27 of 1st period - Shot Misses the Net.
11:29 of 1st period - Wrist shot by Jiri Fischer.
11:29 of 1st period - Stopped by Robin Lehner without a rebound.
11:30 of 1st period - Maxim Talbot wins face-off versus Kyle Wellwood in Flyers zone.
11:31 of 1st period - Snap shot by Greg Stewart.
11:31 of 1st period - Shot Misses the Net.
12:00 of 1st period - Snap shot by Patrick Marleau.
12:00 of 1st period - Shot Misses the Net.
12:02 of 1st period - Wrist shot by Kyle Wellwood.
12:02 of 1st period - Shot Misses the Net.
12:04 of 1st period - Slapshot by Jonathan Ericsson.
12:04 of 1st period - Shot Misses the Net.
12:06 of 1st period - Wrist shot by Kyle Wellwood.
12:06 of 1st period - Stopped by Miika Kiprusoff without a rebound.
12:07 of 1st period - Maxim Talbot wins face-off versus Jeff Carter in Canadiens zone.
12:07 of 1st period - Maxim Talbot is hit by Dany Heatley.
12:23 of 1st period - Snap shot by Alexei Morozov.
12:23 of 1st period - Shot Misses the Net.
13:15 of 1st period - Penalty to Devin Setoguchi is over, Devin Setoguchi is back on ice.
14:05 of 1st period - Greg Stewart is hit by Jeff Woywitka and loses puck.
14:34 of 1st period - Greg Stewart is hit by Jeff O'Neill and loses puck.
14:54 of 1st period - Wrist shot by Greg Stewart.
14:54 of 1st period - Shot Misses the Net.
15:19 of 1st period - Kyle McLaren is hit by Rene Bourque and loses puck.
16:06 of 1st period - Marek Svatos is hit by Jeff Carter and loses puck.
16:23 of 1st period - Kyle McLaren is hit by Devin Setoguchi and loses puck.
16:34 of 1st period - Snap shot by Drew Miller.
16:34 of 1st period - Stopped by Robin Lehner without a rebound.
16:35 of 1st period - Jeff Carter wins face-off versus Marc Savard in Flyers zone.
16:40 of 1st period - Patrick Sharp is hit by Alexei Morozov and loses puck.
17:11 of 1st period - Snap shot by Drew Miller.
17:11 of 1st period - Stopped by Robin Lehner without a rebound.
17:12 of 1st period - Marc Savard wins face-off versus Shane Doan in Flyers zone.
17:15 of 1st period - Wrist shot by Marc Savard.
17:15 of 1st period - Shot Blocked by Rostislav Olesz.
17:17 of 1st period - Wrist shot by Marc Savard.
17:17 of 1st period - Shot Misses the Net.
17:19 of 1st period - Wrist shot by Marek Svatos.
17:19 of 1st period - Stopped by Robin Lehner with a rebound.
17:21 of 1st period - Slapshot by Jiri Fischer.
17:21 of 1st period - Shot Blocked by Kyle McLaren.
17:27 of 1st period - Wrist shot by Marc Savard.
17:27 of 1st period - Shot Misses the Net.
17:58 of 1st period - Snap shot by Riley Cote.
17:58 of 1st period - Shot Misses the Net.
18:03 of 1st period - Off-side.
18:04 of 1st period - Marc Savard wins face-off versus Jeff Carter in neutral zone.
18:11 of 1st period - Wrist shot by Marek Svatos.
18:11 of 1st period - Shot Misses the Net.
18:13 of 1st period - Slapshot by Dennis Wideman.
18:13 of 1st period - Deflect By Jeff Woywitka.
18:13 of 1st period - Stopped by Robin Lehner without a rebound.
18:14 of 1st period - Jeff Carter wins face-off versus Marc Savard in Flyers zone.
18:14 of 1st period - Jeff Carter is hit by Dennis Wideman.
18:24 of 1st period - Snap shot by Jonathan Ericsson.
18:24 of 1st period - Stopped by Miika Kiprusoff with a rebound.
18:30 of 1st period - Dany Heatley is hit by Marc Savard and loses puck.
18:37 of 1st period - Snap shot by Marek Svatos.
18:37 of 1st period - Shot Misses the Net.
18:39 of 1st period - Backhand shot by Denis Grebeshkov.
18:39 of 1st period - Stopped by Robin Lehner without a rebound.
18:40 of 1st period - Kyle Wellwood wins face-off versus Maxim Talbot in Flyers zone.
18:40 of 1st period - Kyle Wellwood is hit by Jiri Fischer.
18:48 of 1st period - Slapshot by Drew Miller.
18:48 of 1st period - Shot Blocked by Pavel Kubina.
18:50 of 1st period - Snap shot by Devin Setoguchi.
18:50 of 1st period - Deflect By Drew Miller.
18:50 of 1st period - Stopped by Robin Lehner with a rebound.
18:54 of 1st period - Slapshot by Drew Miller.
18:54 of 1st period - Shot Misses the Net.
19:22 of 1st period - Michel Ouellet is hit by Cam Janssen and loses puck.
19:23 of 1st period - Michel Ouellet from Flyers is injured at 19:23 of 1st period (Abdomen/Ribs).
19:24 of 1st period - Marc Savard wins face-off versus Kyle Wellwood in Flyers zone.
19:36 of 1st period - Off-side.
19:37 of 1st period - Jeff Carter wins face-off versus Marek Svatos in neutral zone.
Goals for this period are 1 for Flyers vs 3 for Canadiens.
Shots for this period are 8 for Flyers vs 17 for Canadiens.

2nd period


0:01 of 2nd period - Marc Savard wins face-off versus Kyle Wellwood in neutral zone.
0:51 of 2nd period - Minor Penalty to Dan Boyle for Tripping.
0:52 of 2nd period - Jeff Carter wins face-off versus Maxim Talbot in Canadiens zone.
2:51 of 2nd period - Penalty to Dan Boyle is over, Dan Boyle is back on ice.
3:06 of 2nd period - Wrist shot by Riley Cote.
3:06 of 2nd period - Stopped by Robin Lehner without a rebound.
3:07 of 2nd period - Marc Savard wins face-off versus Matthew Lombardi in Flyers zone.
3:12 of 2nd period - Snap shot by Marek Svatos.
3:12 of 2nd period - Stopped by Robin Lehner with a rebound.
3:20 of 2nd period - Marc Savard is hit by Matthew Lombardi and loses puck.
3:33 of 2nd period - Jeff Carter is hit by Dan Boyle.
4:33 of 2nd period - Marc Savard is hit by Jeff O'Neill and loses puck.
4:55 of 2nd period - Kyle McLaren is hit by Marc Savard and loses puck.
5:12 of 2nd period - Wrist shot by Patrick Sharp.
5:12 of 2nd period - Shot Misses the Net.
5:34 of 2nd period - Kyle McLaren is hit by Dennis Wideman and loses puck.
5:45 of 2nd period - Snap shot by Marc Savard.
5:45 of 2nd period - Deflect By Marek Svatos.
5:45 of 2nd period - Goal by Marek Svatos - Flyers : 1 - Canadiens : 4.
5:46 of 2nd period - Maxim Talbot wins face-off versus Kyle Wellwood in neutral zone.
5:49 of 2nd period - Snap shot by Dennis Wideman.
5:49 of 2nd period - Shot Misses the Net.
5:51 of 2nd period - Wrist shot by Drew Miller.
5:51 of 2nd period - Stopped by Robin Lehner without a rebound.
5:52 of 2nd period - Maxim Talbot wins face-off versus Kyle Wellwood in Flyers zone.
5:53 of 2nd period - Snap shot by Drew Miller.
5:53 of 2nd period - Stopped by Robin Lehner with a rebound.
6:28 of 2nd period - Snap shot by Matthew Lombardi.
6:28 of 2nd period - Deflect By Shane Doan.
6:28 of 2nd period - Goal by Shane Doan - Flyers : 2 - Canadiens : 4.
6:29 of 2nd period - Kyle Wellwood wins face-off versus Marc Savard in neutral zone.
7:04 of 2nd period - Slapshot by Alexei Morozov.
7:04 of 2nd period - Shot Misses the Net.
7:06 of 2nd period - Slapshot by Pavel Kubina.
7:06 of 2nd period - Stopped by Miika Kiprusoff with a rebound.
7:08 of 2nd period - Slapshot by James Wisniewski.
7:08 of 2nd period - Stopped by Miika Kiprusoff with a rebound.
8:41 of 2nd period - Snap shot by Dan Boyle.
8:41 of 2nd period - Stopped by Robin Lehner with a rebound.
9:27 of 2nd period - Icing by Kyle Wellwood.
9:28 of 2nd period - Kyle Wellwood wins face-off versus Marc Savard in Flyers zone.
9:28 of 2nd period - Kyle Wellwood is hit by Patrick Sharp.
9:34 of 2nd period - Patrick Sharp is hit by Patrick Marleau and loses puck.
10:01 of 2nd period - Slapshot by Pavel Kubina.
10:01 of 2nd period - Shot Blocked by Drew Miller.
10:34 of 2nd period - Snap shot by Greg Stewart.
10:34 of 2nd period - Stopped by Robin Lehner with a rebound.
10:36 of 2nd period - Slapshot by Jiri Fischer.
10:36 of 2nd period - Stopped by Robin Lehner without a rebound.
10:37 of 2nd period - Brooks Laich wins face-off versus Kyle Wellwood in Flyers zone.
10:58 of 2nd period - Off-side.
10:59 of 2nd period - Marc Savard wins face-off versus Jeff Carter in neutral zone.
11:02 of 2nd period - Slapshot by Denis Grebeshkov.
11:02 of 2nd period - Shot Blocked by Jeff Woywitka.
11:10 of 2nd period - Wrist shot by Alexei Morozov.
11:10 of 2nd period - Shot Misses the Net.
11:12 of 2nd period - Snap shot by Jeff Woywitka.
11:12 of 2nd period - Stopped by Miika Kiprusoff without a rebound.
11:13 of 2nd period - Patrick Sharp wins face-off versus Kyle Wellwood in Canadiens zone.
12:39 of 2nd period - Wrist shot by Drew Miller.
12:39 of 2nd period - Shot Hit the Post.
13:00 of 2nd period - Wrist shot by Jeff Carter.
13:00 of 2nd period - Stopped by Miika Kiprusoff without a rebound.
13:01 of 2nd period - Patrick Marleau wins face-off versus Marc Savard in Canadiens zone.
15:22 of 2nd period - Dan Boyle is hit by Mike York and loses puck.
15:33 of 2nd period - Snap shot by Drew Miller.
15:33 of 2nd period - Stopped by Robin Lehner without a rebound.
15:34 of 2nd period - Marc Savard wins face-off versus Jeff Carter in Flyers zone.
16:26 of 2nd period - Wrist shot by Greg Stewart.
16:26 of 2nd period - Stopped by Robin Lehner without a rebound.
16:27 of 2nd period - Kyle Wellwood wins face-off versus Marc Savard in Flyers zone.
16:40 of 2nd period - Patrick Sharp is hit by Kyle Wellwood and loses puck.
16:53 of 2nd period - Wrist shot by Maxim Talbot.
16:53 of 2nd period - Stopped by Robin Lehner without a rebound.
16:54 of 2nd period - Jeff Carter wins face-off versus Maxim Talbot in Flyers zone.
17:04 of 2nd period - Drew Miller is hit by Dany Heatley and loses puck.
17:18 of 2nd period - Icing by Maxim Talbot.
17:19 of 2nd period - Kyle Wellwood wins face-off versus Maxim Talbot in Canadiens zone.
17:22 of 2nd period - Snap shot by Patrick Marleau.
17:22 of 2nd period - Stopped by Miika Kiprusoff without a rebound.
17:23 of 2nd period - Marc Savard wins face-off versus Kyle Wellwood in Canadiens zone.
17:30 of 2nd period - Slapshot by Dennis Wideman.
17:30 of 2nd period - Shot Misses the Net.
18:08 of 2nd period - Minor Penalty to Jeff Carter for Tripping.
18:09 of 2nd period - Marc Savard wins face-off versus Dany Heatley in Flyers zone.
18:10 of 2nd period - Snap shot by Marek Svatos.
18:10 of 2nd period - Shot Misses the Net.
18:12 of 2nd period - Slapshot by Denis Grebeshkov.
18:12 of 2nd period - Shot Blocked by Kyle McLaren.
18:14 of 2nd period - Slapshot by Dan Boyle.
18:14 of 2nd period - Deflect By Marek Svatos.
18:14 of 2nd period - Shot Blocked by Jeff Woywitka.
18:14 of 2nd period - Puck is out of play.
18:15 of 2nd period - Marc Savard wins face-off versus Matthew Lombardi in Flyers zone.
18:22 of 2nd period - Snap shot by Marc Savard.
18:22 of 2nd period - Deflect By Marek Svatos.
18:22 of 2nd period - Shot Misses the Net.
18:22 of 2nd period - Puck is out of play.
18:23 of 2nd period - Matthew Lombardi wins face-off versus Marc Savard in Flyers zone.
19:02 of 2nd period - Wrist shot by Drew Miller.
19:02 of 2nd period - Shot Misses the Net.
19:04 of 2nd period - Wrist shot by Devin Setoguchi.
19:04 of 2nd period - Goal by Devin Setoguchi - Flyers : 2 - Canadiens : 5.
19:05 of 2nd period - Marc Savard wins face-off versus Dany Heatley in neutral zone.
19:52 of 2nd period - Rene Bourque is hit by Jonathan Ericsson and loses puck.
19:59 of 2nd period - Snap shot by Matthew Lombardi.
19:59 of 2nd period - Stopped by Miika Kiprusoff without a rebound.
Goals for this period are 1 for Flyers vs 2 for Canadiens.
Shots for this period are 7 for Flyers vs 12 for Canadiens.

3rd period


0:01 of 3rd period - Jeff Carter wins face-off versus Marc Savard in neutral zone.
0:16 of 3rd period - Marek Svatos is hit by Jonathan Ericsson and loses puck.
0:55 of 3rd period - Wrist shot by Jeff Carter.
0:55 of 3rd period - Deflect By Jeff O'Neill.
0:55 of 3rd period - Shot Misses the Net.
0:55 of 3rd period - Puck is out of play.
0:56 of 3rd period - Marc Savard wins face-off versus Jeff O'Neill in Canadiens zone.
1:23 of 3rd period - Matt Carle is hit by Patrick Marleau.
1:50 of 3rd period - Off-side.
1:51 of 3rd period - Marc Savard wins face-off versus Matthew Lombardi in neutral zone.
2:01 of 3rd period - Jiri Fischer is hit by Rostislav Olesz and loses puck.
2:43 of 3rd period - Off-side.
2:44 of 3rd period - Brooks Laich wins face-off versus Kyle Wellwood in neutral zone.
3:04 of 3rd period - Pavel Kubina is hit by Denis Grebeshkov and loses puck.
3:29 of 3rd period - Snap shot by Brooks Laich.
3:29 of 3rd period - Stopped by Robin Lehner without a rebound.
3:30 of 3rd period - Marc Savard wins face-off versus Jeff Carter in Flyers zone.
3:59 of 3rd period - Wrist shot by Shane Doan.
3:59 of 3rd period - Goal by Shane Doan - Flyers : 3 - Canadiens : 5.
4:00 of 3rd period - Marc Savard wins face-off versus Dany Heatley in neutral zone.
4:03 of 3rd period - Jeff Woywitka is hit by Patrick Sharp and loses puck.
4:19 of 3rd period - Icing by Alexei Morozov.
4:20 of 3rd period - Jeff Carter wins face-off versus Maxim Talbot in Flyers zone.
4:20 of 3rd period - Jeff Carter is hit by Drew Miller.
4:26 of 3rd period - Drew Miller is hit by Jeff Carter and loses puck.
4:47 of 3rd period - Jeff Woywitka is hit by Marek Svatos and loses puck.
5:02 of 3rd period - Jonathan Ericsson is hit by Denis Grebeshkov and loses puck.
5:15 of 3rd period - Denis Grebeshkov is hit by Jonathan Ericsson and loses puck.
5:22 of 3rd period - Alexei Morozov is hit by Marc Savard.
5:30 of 3rd period - Backhand shot by Alexei Morozov.
5:30 of 3rd period - Stopped by Miika Kiprusoff with a rebound.
5:36 of 3rd period - Slapshot by Jeff Carter.
5:36 of 3rd period - Shot Blocked by Dennis Wideman.
5:46 of 3rd period - Snap shot by Marc Savard.
5:46 of 3rd period - Stopped by Robin Lehner with a rebound.
5:48 of 3rd period - Snap shot by Marc Savard.
5:48 of 3rd period - Stopped by Robin Lehner with a rebound.
6:14 of 3rd period - Slapshot by Dennis Wideman.
6:14 of 3rd period - Stopped by Robin Lehner with a rebound.
6:16 of 3rd period - Slapshot by Dennis Wideman.
6:16 of 3rd period - Stopped by Robin Lehner with a rebound.
6:20 of 3rd period - Snap shot by Marc Savard.
6:20 of 3rd period - Shot Misses the Net.
6:22 of 3rd period - Wrist shot by Marc Savard.
6:22 of 3rd period - Shot Misses the Net.
6:24 of 3rd period - Slapshot by Patrick Sharp.
6:24 of 3rd period - Shot Blocked by Jonathan Ericsson.
6:38 of 3rd period - Marc Savard is hit by Jeff Carter and loses puck.
7:02 of 3rd period - Slapshot by Dennis Wideman.
7:02 of 3rd period - Shot Blocked by Jonathan Ericsson.
7:04 of 3rd period - Snap shot by Marc Savard.
7:04 of 3rd period - Stopped by Robin Lehner with a rebound.
7:18 of 3rd period - Wrist shot by Patrick Sharp.
7:18 of 3rd period - Stopped by Robin Lehner with a rebound.
7:51 of 3rd period - Snap shot by Dany Heatley.
7:51 of 3rd period - Shot Blocked by Dennis Wideman.
8:16 of 3rd period - Icing by Denis Grebeshkov.
8:17 of 3rd period - Marc Savard wins face-off versus Kyle Wellwood in Canadiens zone.
8:42 of 3rd period - Wrist shot by Marc Savard.
8:42 of 3rd period - Goal by Marc Savard - Flyers : 3 - Canadiens : 6.
8:43 of 3rd period - Maxim Talbot wins face-off versus Kyle Wellwood in neutral zone.
9:11 of 3rd period - Wrist shot by Greg Stewart.
9:11 of 3rd period - Shot Misses the Net.
9:27 of 3rd period - Jiri Fischer is hit by Matthew Lombardi and loses puck.
9:50 of 3rd period - Off-side.
9:51 of 3rd period - Patrick Marleau wins face-off versus Drew Miller in neutral zone.
10:02 of 3rd period - Slapshot by Ladislav Smid.
10:02 of 3rd period - Stopped by Robin Lehner with a rebound.
10:16 of 3rd period - Ladislav Smid is hit by Pavel Kubina and loses puck.
10:33 of 3rd period - Kyle McLaren is hit by Devin Setoguchi.
11:07 of 3rd period - Loui Eriksson is hit by Jiri Fischer and loses puck.
13:14 of 3rd period - Icing by Maxim Talbot.
13:15 of 3rd period - Brooks Laich wins face-off versus Loui Eriksson in Canadiens zone.
16:17 of 3rd period - Pavel Kubina is hit by Marc Savard and loses puck.
17:04 of 3rd period - Icing by Ladislav Smid.
17:05 of 3rd period - Brooks Laich wins face-off versus Alexei Morozov in Canadiens zone.
17:16 of 3rd period - Slapshot by Dan Boyle.
17:16 of 3rd period - Stopped by Robin Lehner with a rebound.
17:18 of 3rd period - Slapshot by Jiri Fischer.
17:18 of 3rd period - Shot Misses the Net.
17:20 of 3rd period - Slapshot by Jiri Fischer.
17:20 of 3rd period - Shot Misses the Net.
17:22 of 3rd period - Wrist shot by Cam Janssen.
17:22 of 3rd period - Stopped by Robin Lehner with a rebound.
17:24 of 3rd period - Wrist shot by Cam Janssen.
17:24 of 3rd period - Deflect By Pavel Kubina.
17:24 of 3rd period - Shot Misses the Net.
17:24 of 3rd period - Puck is out of play.
17:25 of 3rd period - Marek Svatos wins face-off versus Matthew Lombardi in Flyers zone.
17:59 of 3rd period - Slapshot by Dan Boyle.
17:59 of 3rd period - Deflect By Alexei Morozov.
17:59 of 3rd period - Stopped by Robin Lehner without a rebound.
18:00 of 3rd period - Kyle Wellwood wins face-off versus Marc Savard in Flyers zone.
18:28 of 3rd period - Drew Miller is hit by Rostislav Olesz and loses puck.
18:33 of 3rd period - Snap shot by Shane Doan.
18:33 of 3rd period - Shot Misses the Net.
18:35 of 3rd period - Snap shot by Pavel Kubina.
18:35 of 3rd period - Shot Hit the Post.
18:37 of 3rd period - Slapshot by Jeff Woywitka.
18:37 of 3rd period - Stopped by Miika Kiprusoff with a rebound.
18:49 of 3rd period - Dany Heatley is hit by Rene Bourque and loses puck.
19:10 of 3rd period - Snap shot by Jiri Fischer.
19:10 of 3rd period - Stopped by Robin Lehner with a rebound.
19:12 of 3rd period - Slapshot by Dan Boyle.
19:12 of 3rd period - Shot Misses the Net.
19:41 of 3rd period - Matt Carle is hit by Rostislav Olesz and loses puck.
Goals for this period are 1 for Flyers vs 1 for Canadiens.
Shots for this period are 3 for Flyers vs 13 for Canadiens.